 Dungeon Crawl Stone Soup version 0.20-a0-1058-g0491fde (webtiles) character file.

73 taynancid the Shield-Bearer (level 4, -1/28 HPs)
             Began as a Gargoyle Fighter on Apr 26, 2017.
             Killed from afar by an orc wizard (3 damage)
             ... with a magic dart
             ... on level 3 of the Dungeon.
             The game lasted 00:05:08 (1149 turns).

taynancid the Shield-Bearer (Gargoyle Fighter)      Turns: 1149, Time: 00:05:08

Health: -1/28      AC: 10    Str: 19    XL:     4   Next: 27%
Magic:  4/4        EV:  7    Int:  9    God:
Gold:   107        SH:  9    Dex: 10    Spells: 3/3 levels left

rFire    . . .     SeeInvis .   a - +0 flail
rCold    . . .     Gourm    .   c - +0 shield
rNeg     + . .     Faith    .   b - +0 scale mail
rPois    ∞         Spirit   .   (no helmet)
rElec    +         Reflect  .   (no cloak)
rCorr    .         Harm     .   (no gloves)
MR       .....                  (no boots)
Stlth    ..........             (no amulet)
Regen    0.1/turn               (no ring)
MPRegen  0.1/turn               (no ring)

@: no status effects
A: negative energy resistance 1, electricity resistance, unbreathing,
petrification resistance, rot immunity, AC +3
a: no special abilities


You were on level 3 of the Dungeon.
You were not hungry.

You visited 1 branch of the dungeon, and saw 3 of its levels.

You collected 107 gold pieces.

Inventory:

Hand Weapons
 a - a +0 flail (weapon)
Armour
 b - a +0 scale mail (worn)
 c - a +0 shield (worn)
Jewellery
 m - an uncursed ring of flight {unknown}
 s - a cursed ring of teleportation {unknown}
Wands
 p - a wand of flame (28/48)
Scrolls
 e - a scroll of remove curse {unknown}
 h - 3 scrolls of identify {unknown}
 i - a scroll of enchant armour {unknown}
 j - a scroll of fear {unknown}
 o - a scroll of random uselessness {unknown}
 r - a scroll of fog {unknown}
Potions
 d - a potion of might
 g - a potion of haste {unknown}
 l - 3 potions of curing {unknown}
 n - a potion of ambrosia {unknown}
 t - a potion of berserk rage {unknown}
Comestibles
 f - 3 bread rations
 k - 2 meat rations
 q - 4 fruits


   Skills:
 + Level 3.6 Fighting
 + Level 3.0 Maces & Flails
 + Level 3.7 Armour
 + Level 0.2 Dodging
 + Level 4.0 Shields


You had 3 spell levels left.
You didn't know any spells.

Dungeon Overview and Level Annotations

Branches:
Dungeon (3/15)

Altars:


Innate Abilities, Weirdness & Mutations

You are resistant to torment.
Your stone body is resilient. (AC +3)
You are immune to poison.
You resist negative energy. (rN+)
You are resistant to electric shocks. (rElec)
You can survive without breathing.
You are immune to petrification.
You are immune to rotting.


Message History

The orc wizard blinks!
The orc hits you with a war axe!
* * * LOW HITPOINT WARNING * * *
The orc wizard is no longer moving quickly.
The orc wizard gestures wildly while chanting.
The orc wizard blinks!
Things that are here:
a mace; a leather armour You block the orc's attack.
The orc wizard gestures at you while chanting.
The magic dart hits you!
* * * LOW HITPOINT WARNING * * *
The orc hits you but does no damage.
Things that are here:
a hand axe of electrocution; an orc corpse You miss the orc wizard.
The orc wizard is almost dead.
You feel yourself speed up. The orc wizard casts a spell at you.
The magic dart hits you!
You die...

........# .# #.#
###.....###.# #.#
............# #.#
.......o.#..# #.#
..#..#.#.#..# #.# ....
#.#.#..# #.# .##
#.#....# #.#
#.##...#####o# ..
#......o@)#
######..#####.#
#.......#####.#
#..............
#####...###############
#.................#
#.#>#####......#.##
##......##.####.#.#
...........####.#.#


You could see an orc wizard and an orc.

Vanquished Creatures
  2 adders (D:2)
  An ooze (D:1)
  3 dart slugs (D:1)
  2 leopard geckos (D:2)
  2 orcs (D:3)
  3 giant cockroaches
  5 goblins
  4 hobgoblins
  5 kobolds (D:1)
  4 bats
  5 frilled lizards
  5 rats
41 creatures vanquished.

Notes
Turn   | Place    | Note
-------+----------+-------------------------------------------
     0 | D:1      | taynancid the Gargoyle Fighter began the quest for the Orb.
     0 | D:1      | Reached XP level 1. HP: 14/14 MP: 1/1
    67 | D:1      | Reached XP level 2. HP: 18/19 MP: 2/2
   435 | D:1      | Reached XP level 3. HP: 19/23 MP: 3/3
   794 | D:2      | Reached XP level 4. HP: 24/28 MP: 4/4
   942 | D:2      | Reached skill level 4 in Shields
  1149 | D:3      | Killed from afar by an orc wizard

Vault maps used:
D:1:      scummos_arrival_hexagon, corexii_leaking_fountain
D:3:      nicolae_overflow_crystal_walls, first_bread

Skill      XL: |  1  2  3  4 |
---------------+-------------+-----
Maces & Flails | 3 |  3.0
Shields        | 4 |  4.0
Fighting       | |  3.6
Armour         | |  3.7
Dodging        | |  0.2

Action                   |  1- 3 |  4- 6 || total
-------------------------+-------+-------++-------
Melee: Flail             |   130 |    23 ||   153
  Eat: Chunk             |       |     1 ||     1
Armor: Scale mail        |    80 |     9 ||    89
Dodge: Dodged            |    40 |     3 ||    43
Block: Shield            |    84 |    20 ||   104
